[Event "Stockholm Chess Challenge 2019"]
[Site "Stockholm"]
[Date "2019.04.27"]
[Round "2.3"]
[White "Blomqvist, Erik"]
[Black "Dev, Shah"]
[Result "1-0"]
[ECO "A06"]
[WhiteElo "2496"]
[BlackElo "2020"]
[Annotator "RC"]
[PlyCount "81"]
[EventDate "2019.04.26"]
[EventType "swiss"]
[EventCountry "SWE"]
[SourceTitle "playchess.com"]
[Source "ChessBase"]
[SourceQuality "1"]
[TimeControl "40/5400+30:900+30"]

1. Nf3 d5 2. g3 c6 3. Bg2 Nf6 4. O-O Bf5 5. c4 e6 6. cxd5 exd5 7. d3 Be7 8. Qb3 Qb6 9. Qc2 Na6 10. Nc3 Nb4 11. Qb1 O-O 12. a3 Na6 13. e4 dxe4 14. dxe4 Bg6 15. Ne5 Qb3 16. Nxg6 hxg6 17. e5 Nd7 18. f4 Nac5 19. Be3 Na4 20. Qd1 Qxd1 21. Rfxd1 Bc5 22. Kf2 Bxe3+ 23. Kxe3 Nab6 24. Ne4 Nd5+ 25. Kf2 N7b6 26. Nc5 Rab8 27. Rd4 Rfd8 28. Rad1 Kf8 29. b4 Nd7 30. Bxd5 Nxc5 31. Bxf7 Rxd4 32. Rxd4 Kxf7 33. bxc5 b6 34. Rd7+ Kf8 35. Rxa7 bxc5 36. Rc7 Rb6 37. Ke3 Ra6 38. a4 Rxa4 39. Rxc6 Rc4 40. Rxg6 Rc2 41. Rc6 1-0

[Event "Stockholm Chess Challenge 2019"]
[Site "Stockholm"]
[Date "2019.04.27"]
[Round "3.5"]
[White "Kenneskog, Theodor"]
[Black "Siddharth, Jagadeesh"]
[Result "0-1"]
[ECO "D38"]
[WhiteElo "2306"]
[BlackElo "2132"]
[Annotator "NA"]
[PlyCount "66"]
[EventDate "2019.04.26"]
[EventType "swiss"]
[EventCountry "SWE"]
[SourceTitle "playchess.com"]
[Source "ChessBase"]
[SourceQuality "1"]
[TimeControl "40/5400+30:900+30"]

1. d4 Nf6 2. c4 e6 3. Nf3 d5 4. Nc3 Bb4 5. Qa4+ Nc6 6. e3 O-O 7. Qc2 dxc4 8. Bxc4 a6 9. O-O Bd6 10. h3 e5 11. a3 Bd7 {[%emt 0:01:52] E51: Nimzo-Indian: Rubinstein: 4...0-0 5 Nf3 d5} 12. Ba2 (12. Rd1 exd4 13. exd4 h6 14. Be3 Ne7 15. Ne5 b5 16. Ba2 c6 17. Ne4 Nxe4 18. Qxe4 Bf5 19. Qf3 {1-0 (37) Mamedyarov,S (2768)-Inarkiev,E (2709) Doha 2016}) 12... Qe7 $146 ({Predecessor:} 12... exd4 13. exd4 Ne7 14. Bg5 {½-½ (42) Ibragimov,I (2637)-Onischuk,A (2650) New York 2006}) 13. Rd1 Rad8 14. b4 h6 15. Bb2 Rfe8 16. b5 axb5 17. Nxb5 e4 18. Nxd6 cxd6 19. Nd2 d5 20. Nb3 b6 21. Rdc1 Nh7 22. Qe2 Qg5 23. Kh2 Re6 24. Nd2 Rg6 25. Qf1 Qh5 26. f4 $2 (26. Bb3 $17) 26... Nf6 27. Rc3 Bxh3 28. gxh3 Ng4+ 29. Kh1 {[%emt 0:00:09] [#]} Qh4 $1 30. Rxc6 Nf2+ 31. Qxf2 Qxf2 32. Rxg6 fxg6 33. Rd1 $19 Qxe3 0-1

[Event "Stockholm Chess Challenge 2019"]
[Site "Stockholm"]
[Date "2019.04.27"]
[Round "3.7"]
[White "Fischer, Daniel"]
[Black "Kvaloy, Aksel Bu"]
[Result "0-1"]
[ECO "B90"]
[WhiteElo "2339"]
[BlackElo "2138"]
[Annotator "ChessBase"]
[PlyCount "68"]
[EventDate "2019.04.26"]
[EventType "swiss"]
[EventCountry "SWE"]
[SourceTitle "playchess.com"]
[Source "ChessBase"]
[SourceQuality "1"]
[TimeControl "40/5400+30:900+30"]

1. e4 c5 2. Nf3 d6 3. d4 cxd4 4. Nxd4 Nf6 5. Nc3 a6 6. Be3 e5 7. Nb3 Be6 8. h3 Be7 9. f4 exf4 10. Bxf4 Nc6 11. Qe2 Nd7 12. O-O-O Nce5 13. g4 Rc8 14. Kb1 O-O 15. Nd5 Bxd5 16. exd5 Re8 17. Qg2 Bg5 18. Bg3 Bh4 19. Bh2 g6 20. Be2 Bf6 21. h4 Nb6 22. g5 Bg7 23. Nd4 Nec4 24. Bf4 Na4 25. Bxc4 Rxc4 26. c3 Qb6 27. Ka1 Nxc3 28. bxc3 Rxd4 29. Rxd4 Bxd4 30. Bd2 Rc8 31. Qh3 Rc7 32. h5 Qa5 33. cxd4 Qxd2 34. hxg6 Rc1+ 0-1

[Event "Stockholm Chess Challenge 2019"]
[Site "Stockholm"]
[Date "2019.04.27"]
[Round "3.9"]
[White "Crevatin, Leo"]
[Black "Wernberg, Hugo"]
[Result "1/2-1/2"]
[ECO "D70"]
[WhiteElo "2208"]
[BlackElo "2009"]
[Annotator "NA"]
[PlyCount "92"]
[EventDate "2019.04.26"]
[EventType "swiss"]
[EventCountry "SWE"]
[SourceTitle "playchess.com"]
[Source "ChessBase"]
[SourceQuality "1"]
[TimeControl "40/5400+30:900+30"]

1. d4 d5 2. c4 c6 3. Nf3 Nf6 4. Nbd2 Bf5 5. Nh4 Be4 6. Qb3 {[%emt 0:00:19] D11: Slav Defence: 3 Nf3 sidelines and 3...Nf6 4 e3 Bg4} Qb6 7. f3 (7. e3 e6 8. Be2 Be7 9. Nxe4 dxe4 10. g3 c5 11. Bd2 cxd4 12. exd4 Nc6 13. Bc3 O-O-O {1-0 (49) Mamedyarov,S (2808)-So,W (2778) Leuven 2018}) 7... Bg6 8. e3 Nbd7 9. Nxg6 hxg6 10. Qxb6 axb6 11. Kf2 e6 12. a3 $146 ({Predecessor:} 12. Bd3 dxc4 13. Nxc4 {½-½ (57) Thybo,J (2449)-Kollars,D (2503) Stroebeck 2017}) 12... Bd6 13. g3 Ke7 14. cxd5 cxd5 15. Nb3 Rac8 16. Bd2 g5 17. Rc1 Rxc1 18. Bxc1 g4 19. fxg4 Nxg4+ 20. Kg2 Ngf6 21. Bd3 Ne4 22. Bxe4 dxe4 23. Bd2 Rc8 24. Rc1 Rxc1 25. Bxc1 f5 26. Bd2 Nf6 27. Nc1 Nd5 28. Ne2 Kd7 29. Nc3 Nxc3 30. Bxc3 g6 31. Kf2 Kc6 32. Ke2 Kb5 33. Kd2 Ka4 34. Kc2 Bf8 35. Bd2 Kb5 36. Kb3 Kc6 37. Bb4 Bh6 38. Bd2 $11 Bf8 39. a4 b5 40. axb5+ Kxb5 41. Be1 Bh6 42. Bd2 Bf8 43. Be1 Bh6 44. Bd2 Bf8 45. Be1 Bh6 46. Bd2 Bf8 1/2-1/2

[Event "Stockholm Chess Challenge 2019"]
[Site "Stockholm"]
[Date "2019.04.28"]
[Round "4.3"]
[White "Kucuksari, Kaan"]
[Black "Siddharth, Jagadeesh"]
[Result "1/2-1/2"]
[ECO "E04"]
[WhiteElo "2301"]
[BlackElo "2132"]
[Annotator "NA"]
[PlyCount "299"]
[EventDate "2019.04.26"]
[EventType "swiss"]
[EventCountry "SWE"]
[SourceTitle "playchess.com"]
[Source "ChessBase"]
[SourceQuality "1"]
[TimeControl "40/5400+30:900+30"]

1. d4 Nf6 2. c4 e6 3. Nf3 d5 4. g3 dxc4 5. Bg2 Nc6 6. Qa4 Bd7 7. Qxc4 Na5 8. Qc2 Rc8 9. O-O c5 10. Nc3 {[%emt 0:00:25] E04: Open Catalan: 5 Nf3} (10. Qd1 Bc6 11. dxc5 Qxd1 12. Rxd1 Bxc5 13. b3 Bxf3 14. Bxf3 Bd4 15. Rxd4 Rxc1+ 16. Kg2 O-O 17. Ra4 Nc6 {0-1 (25) Guramishvili,S (2421)-Zhao,X (2553) Kazan 2013}) 10... Nc6 11. Rd1 cxd4 $146 ({Predecessor:} 11... Nxd4 12. Nxd4 cxd4 {0-1 (67) Londyn,R (2152)-Lechtynsky,J (2431) Plzen 2003}) 12. Nxd4 Nxd4 13. Rxd4 Bc5 14. Rh4 Bc6 15. Bg5 h6 16. Rd1 Qe7 17. Bxc6+ Rxc6 18. e4 Bd6 19. f4 e5 20. Qe2 exf4 21. Nd5 Qe6 22. Bxf6 gxf6 23. gxf4 Rg8+ 24. Kh1 f5 25. e5 Be7 26. Rh3 Rc5 27. Rhd3 Qc6 28. Qf3 Rg6 29. b4 Rc4 30. b5 Qxb5 31. Rb3 Qc6 32. Rxb7 Bd8 33. Rb8 Rc1 34. Nf6+ Ke7 35. Nd5+ Ke8 36. Rb1 Rxb1 37. Rxb1 Qc2 38. Rd1 Qe4 39. Qxe4 fxe4 40. Re1 Ra6 41. Re2 Ra3 42. Ne3 Kd7 43. Nf5 Ke6 44. Nxh6 Rh3 45. f5+ Ke7 46. Ng4 Rf3 47. f6+ Ke6 48. Rxe4 Kf5 49. Ra4 Bb6 50. Kg2 Rd3 51. h3 Rd2+ 52. Kf3 Rd3+ 53. Kg2 Rd2+ 54. Kg3 Rd3+ 55. Kh4 Rc3 56. Rb4 Ra3 57. Rb2 Rd3 58. Re2 Ke6 59. Rc2 Kf5 60. Re2 Ke6 61. Rh2 Kf5 62. Kh5 Rd8 63. Nh6+ Ke6 64. Ng4 Kf5 65. Kh6 Rg8 66. Kh7 Rg5 67. e6 Kxe6 68. Re2+ Kf5 69. Re5+ Kf4 70. Re7 Rh5+ 71. Kg7 Rxh3 72. Ne5 Bd4 73. Nd7 Kf5 74. Rxf7 Ra3 75. Re7 Rxa2 76. Kf7 Ra6 77. Re1 Ra2 78. Ke7 Bxf6+ 79. Nxf6 Rd2 80. Ne4 Rd4 81. Nd6+ Kf4 82. Ra1 Ke5 83. Nf7+ Kd5 84. Ra6 Rh4 85. Ng5 Kc5 86. Ne6+ Kb5 87. Nc7+ Kc5 88. Kd7 Rh7+ 89. Kc8 Rh8+ 90. Kb7 Rh7 91. Rc6+ Kd4 92. Ka6 Ke5 93. Nb5 Rf7 94. Rc5+ Kf4 95. Nd6 Rf6 96. Rd5 Re6 97. Rf5+ Ke3 98. Rd5 Kf4 99. Kxa7 Re7+ 100. Kb6 Re6 101. Rd4+ Ke3 102. Kc5 Re5+ 103. Kc4 Kf3 104. Rd3+ Kf4 105. Kd4 Ra5 106. Nc4 Ra4 107. Rd1 Kf3 108. Kd3 Ra8 109. Rf1+ Kg3 110. Nd2 Ra3+ 111. Ke2 Ra2 112. Rf8 Kg4 113. Ke3 Ra3+ 114. Kd4 Ra4+ 115. Nc4 Kg5 116. Kd5 Ra1 117. Ke6 Ra6+ 118. Ke5 Kg6 119. Nd6 Ra5+ 120. Ke6 Ra6 121. Rg8+ Kh7 122. Rg1 Kh6 123. Ke5 Kh7 124. Nf5 Ra5+ 125. Kf6 Ra6+ 126. Ke5 Ra5+ 127. Ke6 Ra6+ 128. Nd6 (128. Ke7 $14) 128... Kh6 129. Ke5 Ra5+ 130. Kf6 Kh5 131. Nc4 Ra6+ 132. Kf5 Kh6 133. Ne5 Ra5 134. Rg8 Kh7 135. Rc8 Kh6 136. Rc7 Rb5 137. Ra7 Rc5 138. Kf6 Rb5 139. Re7 Ra5 140. Kf5 Rb5 141. Ra7 Rc5 142. Ra1 Rb5 143. Rc1 Ra5 144. Kf6 Ra6+ 145. Nc6 Kh5 146. Rc4 Rb6 147. Kf5 Rb5+ 148. Ne5 Kh6 149. Ra4 $11 Kg7 150. Ra7+ 1/2-1/2

[Event "Stockholm Chess Challenge 2019"]
[Site "Stockholm"]
[Date "2019.04.28"]
[Round "4.5"]
[White "Sorensen, Hampus"]
[Black "Kvaloy, Aksel Bu"]
[Result "1-0"]
[ECO "D30"]
[WhiteElo "2319"]
[BlackElo "2138"]
[Annotator "NA"]
[PlyCount "55"]
[EventDate "2019.04.26"]
[EventType "swiss"]
[EventCountry "SWE"]
[SourceTitle "playchess.com"]
[Source "ChessBase"]
[SourceQuality "1"]
[TimeControl "40/5400+30:900+30"]

1. d4 Nf6 2. c4 e6 3. Nf3 d5 4. Bg5 Bb4+ $11 5. Nbd2 dxc4 6. Qa4+ Nc6 7. e3 Qd5 8. Bxf6 gxf6 9. Qc2 b5 10. a3 Ba5 11. O-O-O Ke7 12. Rg1 Bb6 13. g4 Bb7 14. Bg2 Qd7 15. Ne4 Na5 16. g5 Nb3+ 17. Kb1 fxg5 18. Ne5 Qc8 19. Nxg5 Bxg2 20. Rxg2 f6 21. Nxh7 fxe5 22. dxe5 Rg8 23. Rxg8 Qxg8 24. Nf6 Qg2 25. Qh7+ Kf8 26. Qh8+ Kf7 27. Rd7+ Kg6 28. Qh5# 1-0

[Event "Stockholm Chess Challenge 2019"]
[Site "Stockholm"]
[Date "2019.04.28"]
[Round "4.6"]
[White "Jogstad, Martin"]
[Black "Savitha Shri B"]
[Result "*"]
[WhiteElo "2267"]
[BlackElo "1895"]
[Annotator "NA"]
[PlyCount "23"]
[EventDate "2019.04.26"]
[EventType "swiss"]
[EventCountry "SWE"]
[SourceTitle "playchess.com"]
[Source "ChessBase"]
[SourceQuality "1"]
[TimeControl "40/5400+30:900+30"]

1. c4 c5 2. g3 g6 3. Bg2 Bg7 4. Nc3 Nc6 $11 5. Nf3 d6 6. O-O e5 7. a3 Nge7 8. b4 e4 9. Ne1 f5 10. Bb2 Be6 11. d3 O-O 12. dxe4 *

[Event "Stockholm Chess Challenge 2019"]
[Site "Stockholm"]
[Date "2019.04.28"]
[Round "4.6"]
[White "Ojas Kulkarni"]
[Black "Kenneskog, Theodor"]
[Result "1/2-1/2"]
[ECO "A37"]
[WhiteElo "2240"]
[BlackElo "2306"]
[Annotator "NA"]
[PlyCount "61"]
[EventDate "2019.04.26"]
[EventType "swiss"]
[EventCountry "SWE"]
[SourceTitle "playchess.com"]
[Source "ChessBase"]
[SourceQuality "1"]
[TimeControl "40/5400+30:900+30"]

1. c4 c5 2. g3 g6 3. Bg2 Bg7 4. Nc3 Nc6 $11 5. Nf3 d6 6. O-O e5 7. a3 Nge7 8. b4 e4 9. Ne1 f5 10. Bb2 Be6 11. d3 O-O 12. dxe4 fxe4 13. Bxe4 Bxc4 14. Na4 Bxb2 15. Nxb2 Bf7 16. Bg2 Rb8 17. Qd2 Qc7 18. Rc1 b6 19. Ned3 Rfd8 20. Nf4 a5 21. Bh3 axb4 22. axb4 Rf8 23. Rfd1 Rbd8 24. Be6 Qb8 25. Bxf7+ Rxf7 26. Ne6 Re8 27. Qxd6 Nxb4 28. Nc4 Nf5 29. Qxb8 Rxb8 30. e4 Ng7 31. Nf4 1/2-1/2

[Event "Stockholm Chess Challenge 2019"]
[Site "Stockholm"]
[Date "2019.04.28"]
[Round "4.7"]
[White "Jogstad, Martin"]
[Black "Sivaji Baskar S"]
[Result "1-0"]
[ECO "E92"]
[WhiteElo "2267"]
[BlackElo "1630"]
[Annotator "NA"]
[PlyCount "57"]
[EventDate "2019.04.26"]
[EventType "swiss"]
[EventCountry "SWE"]
[SourceTitle "playchess.com"]
[Source "ChessBase"]
[SourceQuality "1"]
[TimeControl "40/5400+30:900+30"]

1. d4 Nf6 2. c4 g6 3. Nc3 Bg7 4. e4 d6 5. Be2 O-O $14 6. Nf3 e5 7. d5 a5 8. Bg5 h6 9. Be3 Ng4 10. Bd2 f5 11. h3 Nf6 12. exf5 gxf5 13. Qc1 Kh7 14. g4 Ne4 15. Nxe4 fxe4 16. Qc2 Nd7 17. Qxe4+ Kg8 18. Be3 Nc5 19. Bxc5 dxc5 20. Bd3 Rf4 21. Qe3 Qf6 22. Nd2 Qb6 23. Ne4 Qxb2 24. Rb1 Qd4 25. Nxc5 Qc3+ 26. Ke2 Qa3 27. Bh7+ Kxh7 28. Qxa3 b6 29. Ne6 1-0

[Event "Stockholm Chess Challenge 2019"]
[Site "Stockholm"]
[Date "2019.04.28"]
[Round "4.7"]
[White "Ojas Kulkarni"]
[Black "Kenneskog, Theodor"]
[Result "*"]
[ECO "E92"]
[WhiteElo "2240"]
[BlackElo "2306"]
[Annotator "NA"]
[PlyCount "35"]
[EventDate "2019.04.26"]
[EventType "swiss"]
[EventCountry "SWE"]
[SourceTitle "playchess.com"]
[Source "ChessBase"]
[SourceQuality "1"]
[TimeControl "40/5400+30:900+30"]

1. d4 Nf6 2. c4 g6 3. Nc3 Bg7 4. e4 d6 5. Be2 O-O $14 6. Nf3 e5 7. d5 a5 8. Bg5 h6 9. Be3 Ng4 10. Bd2 f5 11. h3 Nf6 12. exf5 gxf5 13. Qc1 Kh7 14. g4 Ne4 15. Nxe4 fxe4 16. Qc2 Nd7 17. Qxe4+ Kg8 18. Be3 *

[Event "Stockholm Chess Challenge 2019"]
[Site "Stockholm"]
[Date "2019.04.28"]
[Round "4.9"]
[White "Trost, Edvin"]
[Black "Crevatin, Leo"]
[Result "1-0"]
[ECO "A05"]
[WhiteElo "2075"]
[BlackElo "2208"]
[Annotator "NA"]
[PlyCount "78"]
[EventDate "2019.04.26"]
[EventType "swiss"]
[EventCountry "SWE"]
[SourceTitle "playchess.com"]
[Source "ChessBase"]
[SourceQuality "1"]
[TimeControl "40/5400+30:900+30"]

1. Nf3 Nf6 2. e3 d5 3. b3 Bg4 4. Bb2 e6 5. h3 Bh5 6. Be2 Nbd7 7. c4 c6 8. O-O Qc7 9. Nc3 Rd8 10. Re1 Bd6 11. d4 O-O 12. Qc2 Rfe8 13. Rad1 Bg6 14. Bd3 e5 15. Bxg6 hxg6 16. cxd5 e4 17. Ne5 cxd5 18. Nxd7 Qxd7 19. Qe2 Rc8 20. Rc1 Rc6 21. Nb5 Bb8 22. Rxc6 bxc6 23. Nc3 Qd6 24. g3 Nh5 25. Rd1 Re6 26. Qe1 g5 27. Ne2 f5 28. Bc1 Qf8 29. Qf1 f4 30. g4 f3 31. gxh5 fxe2 32. Qxe2 Rf6 33. Qf1 Rf3 34. Qg2 Qd6 35. Rd2 Rf6 36. Kf1 Qb4 37. Ke1 Qc3 38. Kd1 Bd6 39. Qxg5 Qa1 1-0

[Event "Stockholm Chess Challenge 2019"]
[Site "Stockholm"]
[Date "2019.04.28"]
[Round "5.3"]
[White "Siddharth, Jagadeesh"]
[Black "Jogstad, Martin"]
[Result "0-1"]
[ECO "A06"]
[WhiteElo "2132"]
[BlackElo "2267"]
[Annotator "ChessBase"]
[PlyCount "112"]
[EventDate "2019.04.26"]
[EventType "swiss"]
[EventCountry "SWE"]
[SourceTitle "playchess.com"]
[Source "ChessBase"]
[SourceQuality "1"]
[TimeControl "40/5400+30:900+30"]

1. Nf3 d5 2. c4 c6 3. g3 Nf6 4. Bg2 Bf5 5. Qb3 Qb6 6. d3 e6 7. Be3 dxc4 8. dxc4 Qxb3 9. axb3 Nbd7 10. Nbd2 Bc5 11. Bxc5 Nxc5 12. Nh4 Be4 13. Nxe4 Ncxe4 14. O-O Nd2 15. Rfd1 O-O-O 16. Re1 a6 17. Ra3 g5 18. Nf3 Nxf3+ 19. Bxf3 g4 20. Bg2 Rd2 21. Ra2 Rhd8 22. e4 Nd7 23. Ra5 Rxb2 24. Rg5 Rxb3 25. Rxg4 Ne5 26. Rg7 Rb2 27. Rxh7 a5 28. Rh5 Ng4 29. h3 Nxf2 30. Rxa5 Rdd2 31. Ra8+ Kc7 32. Rf1 f5 33. exf5 exf5 34. Rf8 Ng4 35. Bh1 Nf2 36. Bg2 Nd1 37. Bf3 Ne3 38. Re1 Nc2 39. Rf1 Nd4 40. h4 Rb3 41. Bg2 Rxg3 42. Rf2 Nf3+ 43. Rxf3 Rgxg2+ 44. Kh1 Rh2+ 45. Kg1 Rxh4 46. Rf7+ Rd7 47. R3xf5 Rxc4 48. Rxd7+ Kxd7 49. Rf7+ Kc8 50. Kf2 Re4 51. Kf3 Re8 52. Kf2 Kb8 53. Kf3 Ka7 54. Kf2 Kb6 55. Kf3 Re6 56. Kf2 c5 0-1

[Event "Stockholm Chess Challenge 2019"]
[Site "Stockholm"]
[Date "2019.04.28"]
[Round "5.5"]
[White "Dev, Shah"]
[Black "Ojas Kulkarni"]
[Result "1/2-1/2"]
[ECO "D85"]
[WhiteElo "2020"]
[BlackElo "2240"]
[Annotator "NA"]
[PlyCount "52"]
[EventDate "2019.04.26"]
[EventType "swiss"]
[EventCountry "SWE"]
[SourceTitle "playchess.com"]
[Source "ChessBase"]
[SourceQuality "1"]
[TimeControl "40/5400+30:900+30"]

1. d4 Nf6 2. c4 g6 3. Nc3 d5 4. cxd5 Nxd5 5. e4 Nxc3 6. bxc3 Bg7 7. Nf3 c5 8. Be3 Qa5 9. Nd2 {[%emt 0:00:18] D85: Exchange Grünfeld: Unusual White 7th moves and lines with 7 Nf3} Bd7 10. Rb1 cxd4 11. Nc4 $146 ({Predecessor:} 11. cxd4 Nc6 12. Rb5 Qc3 13. Rb3 Qa5 14. Rb5 Qc3 15. Rb3 Qa5 {½-½ (15) Korobov,A (2689)-Najer,E (2683) Novi Sad 2016}) 11... Qa4 12. cxd4 Qxd1+ 13. Kxd1 O-O 14. Bd3 b6 15. f4 Rd8 16. Kd2 e6 17. Rhc1 Be8 18. Ne5 Bxe5 19. fxe5 Nc6 20. Rc4 Na5 21. Rc7 Nc6 22. Bb5 Nxd4 23. Bxe8 Nb5+ 24. Rd7 Na3 25. Rc1 Rxe8 $11 26. Rcc7 Red8 1/2-1/2

[Event "Stockholm Chess Challenge 2019"]
[Site "Stockholm"]
[Date "2019.04.28"]
[Round "5.6"]
[White "Kvaloy, Aksel Bu"]
[Black "Kucuksari, Kaan"]
[Result "0-1"]
[ECO "B41"]
[WhiteElo "2138"]
[BlackElo "2301"]
[Annotator "NA"]
[PlyCount "110"]
[EventDate "2019.04.26"]
[EventType "swiss"]
[EventCountry "SWE"]
[SourceTitle "playchess.com"]
[Source "ChessBase"]
[SourceQuality "1"]
[TimeControl "40/5400+30:900+30"]

1. e4 c5 2. Nf3 e6 3. d4 cxd4 4. Nxd4 a6 5. c4 Nf6 6. Nc3 Qc7 7. Be2 b6 8. O-O Bb7 9. Qd3 d6 10. f4 Nbd7 11. b4 g6 {[%emt 0:05:09] B41: Sicilian: Kan Variation: 5 c4} (11... d5 12. exd5 Bxb4 13. dxe6 Nc5 14. exf7+ Kxf7 15. Qh3 Bxc3 16. Qxc3 Rhe8 17. Bf3 Nce4 18. Qb4 Rad8 19. Be3 {½-½ (31) Muzychuk,M (2540)-Adhiban,B (2689) Caleta 2019}) 12. Bb2 Bg7 13. Rac1 O-O 14. Nd5 $146 ({Predecessor:} 14. Ba1 Rac8 15. Nc2 Rfd8 16. Ne3 Qb8 17. g4 Ne8 18. g5 f6 19. h4 {1-0 (30) Moenster,M (1898)-Flach,H (1812) Willingen 2018}) 14... exd5 15. cxd5 Qd8 16. Nc6 Qe8 17. Bf3 Nh5 18. Bxg7 Nxg7 19. Rfe1 f6 20. Qd4 h5 21. a4 Qf7 22. a5 b5 23. g3 Kh7 24. Re2 Ne5 25. fxe5 fxe5 26. Qe3 Qxf3 27. Qxf3 Rxf3 28. Ne7 Ne8 29. Rec2 Rf7 30. Nc8 Kg7 31. Nb6 Rb8 32. Kg2 Nf6 33. Rc7 Rbf8 34. Rxf7+ $19 Rxf7 35. Re1 Rc7 36. Re2 Ng4 37. h3 Rc2 38. Kf1 Rxe2 39. Kxe2 Nf6 40. Kf3 Kf7 41. h4 Ke7 42. Ke3 Kd8 43. Kf3 Kc7 44. Ke3 Nd7 45. Nxd7 Kxd7 46. Kf3 Ke7 47. g4 hxg4+ 48. Kxg4 Kf6 49. Kf3 g5 50. hxg5+ Kxg5 51. Kg3 Bc8 52. Kf3 Kh4 53. Kf2 Kg4 54. Ke3 Kg3 55. Kd2 Kf4 0-1

[Event "Stockholm Chess Challenge 2019"]
[Site "Stockholm"]
[Date "2019.04.28"]
[Round "5.7"]
[White "Kenneskog, Theodor"]
[Black "Sivaji Baskar S"]
[Result "0-1"]
[ECO "E71"]
[WhiteElo "2306"]
[BlackElo "1630"]
[Annotator "NA"]
[PlyCount "70"]
[EventDate "2019.04.26"]
[EventType "swiss"]
[EventCountry "SWE"]
[SourceTitle "playchess.com"]
[Source "ChessBase"]
[SourceQuality "1"]
[TimeControl "40/5400+30:900+30"]

1. d4 Nf6 2. c4 g6 3. Nc3 Bg7 4. e4 d6 5. h3 O-O 6. Be3 e5 7. d5 c6 8. g4 {[%emt 0:02:30] E71: King's Indian: 4 e4 d6 5 h3} (8. Nf3 a5 9. g4 Na6 10. Nd2 Nc5 11. Be2 Qc7 12. h4 Nfd7 13. h5 a4 14. g5 Qa5 15. a3 Rb8 16. Qc2 cxd5 17. Nxd5 Re8 18. hxg6 fxg6 19. O-O-O {0-1 (84) Anton Guijarro,D (2650)-Firouzja,A (2456) Doha 2016}) 8... cxd5 9. cxd5 Bd7 $146 ({Predecessor:} 9... Nbd7 10. Nge2 Nc5 11. Ng3 Qa5 12. f3 h6 13. g5 hxg5 14. Bxg5 b5 15. Be2 b4 {0-1 (35) Mladenovic,A (1953)-Stanojevic,M (2055) Belgrade 2018}) 10. Nge2 b5 11. Ng3 b4 12. Nb1 a5 13. Nd2 Na6 14. Nc4 Nc5 15. f3 Ba4 16. b3 Be8 17. Rc1 Rc8 18. g5 Nh5 19. Nxh5 gxh5 20. h4 f5 21. exf5 Rxf5 22. Bh3 Bg6 23. O-O Rf8 24. Bxc8 Qxc8 25. Kh2 Nd3 26. Nb2 Nxc1 27. Bxc1 e4 28. Nc4 exf3 29. Rxf3 Be4 30. Rxf8+ Qxf8 31. Be3 $2 (31. Kg3 $1 $11) 31... Qf7 32. Kg1 {[%emt 0:01:40] [#]} Bxd5 $17 (32... Bf3 $1 $19 33. Qf1 Qf5) 33. Nxd6 Qe6 34. Bf4 Bd4+ 35. Kh2 Be5 0-1

[Event "Stockholm Chess Challenge 2019"]
[Site "Stockholm"]
[Date "2019.04.28"]
[Round "5.8"]
[White "Wernberg, Hugo"]
[Black "Trost, Edvin"]
[Result "0-1"]
[ECO "B43"]
[WhiteElo "2009"]
[BlackElo "2075"]
[Annotator "NA"]
[PlyCount "134"]
[EventDate "2019.04.26"]
[EventType "swiss"]
[EventCountry "SWE"]
[SourceTitle "playchess.com"]
[Source "ChessBase"]
[SourceQuality "1"]
[TimeControl "40/5400+30:900+30"]

1. e4 c5 2. Nf3 e6 3. d4 cxd4 4. Nxd4 a6 5. Nc3 Qc7 6. Be3 Nf6 7. a3 b5 8. f3 {[%emt 0:00:56] B43: Sicilian: Kan Variation: 5 Nc3} (8. Bd3 Bb7 9. Qf3 d6 10. Qg3 Nbd7 11. O-O h5 12. h3 h4 13. Qf3 Be7 14. Nb3 d5 15. Bf4 e5 {0-1 (31) Escobar Medina,A (2343)-Iturrizaga Bonelli,E (2663) Medellin 2017}) 8... Bb7 9. Qd2 Nc6 10. Nxc6 dxc6 11. O-O-O Be7 12. Qf2 $146 ({Predecessor:} 12. Bf4 e5 13. Be3 O-O 14. Qf2 c5 15. Bg5 b4 16. Bxf6 bxc3 17. Bxe7 cxb2+ {0-1 (63) Munguia,J-Velasquez,R (1924) Managua 2016}) 12... e5 13. Bb6 Qb8 14. Bc5 Bxc5 15. Qxc5 Nd7 16. Qe3 Nf8 17. g3 Ne6 18. Bh3 Nd4 19. f4 c5 20. Nd5 O-O 21. c3 Bxd5 22. exd5 exf4 23. Qf2 fxg3 24. hxg3 Qxg3 25. Qxg3 Ne2+ 26. Kc2 Nxg3 27. Rhe1 Rfe8 28. d6 Rxe1 29. Rxe1 Rd8 30. d7 Kf8 31. Re5 c4 32. a4 g6 33. axb5 axb5 34. Rxb5 f5 35. Rc5 Rxd7 36. Rxc4 h5 37. b4 g5 38. Bg2 Rd6 39. b5 Rb6 40. Rc8+ Ke7 41. c4 Kd7 42. Rg8 g4 43. Kb3 h4 44. Kb4 Rh6 45. Bc6+ Rxc6 46. Rg7+ Kd8 47. bxc6 h3 48. Rh7 Ne4 49. c7+ Kc8 50. Kb5 Nf6 51. Rh6 Kxc7 52. c5 f4 53. c6 $2 (53. Rxf6 $11 {and White stays safe.} h2 54. Rf7+ Kd8 55. Rh7) 53... g3 $2 (53... Ne8 $19 54. Rh8 Nf6) 54. Rxf6 h2 (54... g2 $5 55. Rf7+ $8 Kc8 56. Rf8+ Kc7 57. Rf7+ Kd6 58. Rd7+ Ke5 $11) 55. Rf7+ Kd6 56. Rh7 g2 57. Rh6+ Ke5 58. c7 h1=Q 59. Re6+ Kf5 60. c8=Q Qb1+ 61. Ka6 Qa2+ 62. Kb7 Qxe6 63. Qc5+ Kg4 64. Qf2 Qe4+ 65. Kc8 Qf3 66. Qc2 Qh3 67. Kc7 Kg3 0-1

[Event "Stockholm Chess Challenge 2019"]
[Site "Stockholm"]
[Date "2019.04.28"]
[Round "5.9"]
[White "Crevatin, Leo"]
[Black "Jeferli, MohammedAli"]
[Result "1-0"]
[ECO "A40"]
[WhiteElo "2208"]
[BlackElo "1881"]
[Annotator "NA"]
[PlyCount "39"]
[EventDate "2019.04.26"]
[EventType "swiss"]
[EventCountry "SWE"]
[SourceTitle "playchess.com"]
[Source "ChessBase"]
[SourceQuality "1"]
[TimeControl "40/5400+30:900+30"]

1. d4 Nf6 2. c4 e6 3. g3 Bb4+ 4. Nd2 c5 5. a3 Bxd2+ 6. Qxd2 cxd4 7. Nf3 b6 8. Qxd4 O-O 9. Bg2 Bb7 10. Bg5 Nc6 11. Qh4 Na5 {[%emt 0:01:38] [#]} 12. b4 $1 Nc6 13. Rd1 Rb8 {[%emt 0:04:37] [#]} 14. O-O $1 Qe7 15. b5 Na5 {[%emt 0:00:45] [#]} 16. Ne5 $18 d6 17. Ng4 Bxg2 18. Bxf6 gxf6 19. Kxg2 Kg7 20. Qh6+ 1-0

[Event "Stockholm Chess Challenge 2019"]
[Site "Stockholm"]
[Date "2019.04.29"]
[Round "6.6"]
[White "Trost, Edvin"]
[Black "Dev, Shah"]
[Result "1/2-1/2"]
[ECO "C80"]
[WhiteElo "2075"]
[BlackElo "2020"]
[Annotator "NA RC"]
[PlyCount "93"]
[EventDate "2019.04.26"]
[EventType "swiss"]
[EventCountry "SWE"]
[SourceTitle "playchess.com"]
[Source "ChessBase"]
[SourceQuality "1"]
[TimeControl "40/5400+30:900+30"]

1. e4 e5 2. Nf3 Nc6 3. Bb5 a6 4. Ba4 Nf6 5. O-O Nxe4 6. d4 b5 7. Bb3 d5 8. dxe5 Be6 9. Nbd2 Be7 10. c3 Nc5 11. Bc2 d4 12. cxd4 Nxd4 13. Nxd4 Qxd4 14. Nf3 Qxd1 15. Rxd1 O-O 16. Be3 Rad8 17. Nd4 Bd7 18. Bf5 Ne6 19. Nb3 Bc6 20. Rdc1 Bd5 21. Bxe6 fxe6 22. Rxc7 Bb4 23. Bc5 Rf4 24. g3 Rc4 25. Bxb4 Rxb4 26. Rd1 Re4 27. f4 Re2 28. Rd2 Rxd2 29. Nxd2 Bxa2 30. Ne4 Bd5 31. Nd6 b4 32. Ra7 Ra8 33. Rxa8+ Bxa8 34. Kf2 a5 35. Ke3 a4 36. Kd4 Bd5 37. Nc4 Kf7 38. Ne3 g6 39. g4 Bb3 40. h4 h5 41. g5 Ke7 42. Nf1 a3 43. bxa3 bxa3 44. Kc3 a2 45. Kb2 Kd7 46. Ng3 Kc6 47. Ne4 1/2-1/2